 Dungeon Crawl Stone Soup version 0.21.1-1-g345015f (webtiles) character file.

10722 Draznyth the Cleaver (level 11, -3/76 HPs)
             Began as a Gargoyle Fighter on Mar 4, 2018.
             Was an Elder of Okawaru.
             Slain by a tengu warrior
             ... wielding a +0 great sword
              (8 damage)
             ... on level 14 of the Dungeon on Mar 6, 2018.
             The game lasted 00:30:34 (15590 turns).

Draznyth the Cleaver (Gargoyle Fighter)            Turns: 15590, Time: 00:30:35

Health: -3/76      AC: 19    Str: 26    XL:     11   Next: 66%
Magic:  11/11      EV:  6    Int:  5    God:    Okawaru [****..]
Gold:   738        SH: 14    Dex:  9    Spells: 10/10 levels left

rFire    . . .     SeeInvis .   N - +6 hand axe "Lifebane" {vamp, +Inv MR+ Int-3}
rCold    . . .     Gourm    .   c - +0 shield
rNeg     + . .     Faith    .   E - +3 chain mail
rPois    ∞         Spirit   .   I - +2 hat
rElec    +         Reflect  +   (no cloak)
rCorr    .         Harm     .   H - +0 pair of gloves
MR       +....                  (no boots)
Stlth    ..........             A - +5 amulet of reflection
HPRegen  0.22/turn              F - ring of Shadows {Umbra +Inv Stlth+}
MPRegen  0.12/turn              G - +2 ring of strength

@: corroded, wreathed by umbra
A: negative energy resistance 1, electricity resistance, unbreathing,
petrification resistance, rot immunity, AC +8
a: Heroism, Renounce Religion, Evoke Invisibility


You were on level 14 of the Dungeon.
You worshipped Okawaru.
Okawaru was greatly pleased with you.
You were not hungry.

You visited 3 branches of the dungeon, and saw 16 of its levels.
You also visited: Ossuary.

You collected 810 gold pieces.
You spent 72 gold pieces at shops.

Inventory:

Hand Weapons
 u - a +1 war axe of electrocution
 N - the +6 hand axe "Lifebane" (weapon) {vamp, +Inv MR+ Int-3}
   (You took it off a human on level 8 of the Dungeon)

   It inflicts no extra harm, but heals its wielder when it wounds a living foe.
   It affects your intelligence (-3).
   It affects your resistance to hostile enchantments.
   It lets you turn invisible.
Missiles
 h - 67 bolts
 j - 238 sling bullets
 n - 347 stones (quivered)
 C - 142 arrows
Armour
 c - a +0 shield (worn)
 E - a +3 chain mail (worn)
 H - a +0 pair of gloves (worn)
 I - a +2 hat (worn)
Jewellery
 x - an uncursed ring of resist corrosion
 A - a +5 amulet of reflection (around neck)
 F - the ring of Shadows (left hand) {Umbra +Inv Stlth+}
   (You found it on level 6 of the Dungeon)

   [ring of stealth]

   It lets you turn invisible.
   It makes you more stealthy.
 G - a +2 ring of strength (right hand)
 T - an uncursed ring of ice
Wands
 m - a wand of flame (32)
Scrolls
 b - a scroll of vulnerability
 e - 2 scrolls of enchant weapon
 i - 3 scrolls of fog
 k - 7 scrolls of remove curse
 s - a scroll of magic mapping
 w - 6 scrolls of teleportation
 y - a scroll of fear {unknown}
 D - 4 scrolls of blinking
 L - a scroll of summoning {unknown}
 M - a scroll of torment {unknown}
 P - a scroll of holy word {unknown}
 V - a scroll of immolation {unknown}
Potions
 a - a potion of lignification
 d - a potion of flight {unknown}
 g - a potion of invisibility
 l - 4 potions of berserk rage
 o - a potion of magic {unknown}
 q - a potion of might
 t - 6 potions of curing
 v - 2 potions of ambrosia
 z - 3 potions of cancellation
 B - 2 potions of agility
 J - 2 potions of mutation
 K - 2 potions of heal wounds
 R - a potion of brilliance {unknown}
Books
 O - a book of Debilitation

   Spells                             Type                      Level
   a - Corona                         Hexes                        1
   b - Slow                           Hexes                        2
   c - Inner Flame                    Hexes/Fire                   3
   d - Portal Projectile              Hexes/Translocation          3
   e - Cause Fear                     Hexes                        4
   f - Leda's Liquefaction            Hexes/Earth                  4
Miscellaneous
 p - a box of beasts
Comestibles
 f - 18 rations


   Skills:
 + Level 11.7 Fighting
 * Level 13.3 Axes
 - Level 3.2 Armour
 - Level 3.2 Shields


You had 10 spell levels left.
You didn't know any spells.

Dungeon Overview and Level Annotations

Branches:
Dungeon (15/15)            Temple (1/1) D:4            Lair (1/6) D:10
    Orc (0/2) D:11
 Vaults: D:13-14     Depths: D:15

Altars:
Ashenzari
Cheibriados
Dithmenos
Elyvilon
Fedhas
Gozag
Hepliaklqana
Kikubaaqudgha
Makhleb
Nemelex Xobeh
Okawaru
Qazlal
Ru
Sif Muna
Trog
Uskayaw
Vehumet
Wu Jian
Xom
Yredelemnul
Zin
The Shining One

Shops:
D:8 ?   D:9 ?   D:10 *(?*


Innate Abilities, Weirdness & Mutations

You are resistant to torment.
Your stone body is resilient. (AC +8)
You are immune to poison.
You resist negative energy. (rN+)
You are resistant to electric shocks. (rElec)
You can survive without breathing.
You are immune to petrification.
You are immune to rotting.


Message History

There is a stone staircase leading down here.
The shadow slips into darkness.
The shadow flickers and vanishes!
The kobold throws a stone.
You reflect the stone off an invisible shield around you!
The stone completely misses the kobold.
The centaur warrior shoots an arrow.
The arrow hits you.
You see here an arrow.
A queen bee comes into view.
The centaur warrior shoots an arrow.
The arrow hits you.
You see here an arrow.
The centaur warrior shoots an arrow.
You reflect the arrow off an invisible shield around you!
The arrow hits the centaur warrior!!
A tengu conjurer comes into view.
The centaur warrior shoots an arrow.
The shadow strikes at you from the darkness!
* * * LOW HITPOINT WARNING * * *
Reactivating autopickup.
The tengu warrior hits you with a great sword!
You die...

.... ... ..## . ... ..
.. ###. #.## ...
#..##.#
.##.#.@...######.
.....y.QW.........
..##.###55###.....
.##..##(.c.....#. #
#.....>Q.K(Z..Z.. D#
#.....K...KK....Z##.##.
#.............$.......!
.................>.....
...(..........(..#.....


You could see a tengu warrior, a centaur warrior, a queen bee, a tengu conjurer,
a big kobold, a shadow, a shadow imp, an ufetubus, a centaur warrior zombie and
2 kobolds.

Vanquished Creatures
  2 two-headed ogres
  The ghost of richr the Chucker, a novice TrHu of Nemelex Xobeh (D:9)
  An unseen horror (D:15)
  2 ugly things (D:11)
  A gargoyle (D:9)
  A troll (D:11)
  Grinder (D:4)
  A hippogriff (D:9)
  4 slime creatures (D:15)
  A shadow (D:15)
  A wyvern (D:10)
  3 yaks (D:10)
  Eustachio (D:4)
  A vampire (D:9)
  A human (D:8)
  Edmund (D:5)
  4 ice beasts
  3 orc warriors
  3 black bears
  2 phantoms
  A sky beast (D:8)
  A centaur (D:6)
  5 ogres
  A crocodile (D:11)
  A big kobold (D:9)
  6 bullfrogs
  4 scorpions
  A wyvern skeleton (D:10)
  5 killer bees (D:8)
  6 wights
  3 lava snakes
  2 crimson imps
  A quasit (D:8)
  4 hounds
  7 orc priests
  A jelly (D:11)
  2 bullfrog skeletons
  A centaur skeleton (D:7)
  4 iguanas
  Ijyb (D:4)
  7 orc wizards
  7 worker ants
  2 hound zombies
  12 mummies (Ossuary)
  Robin (D:1)
  A worker ant zombie (D:7)
  4 gnolls (D:5)
  A howler monkey zombie (D:5)
  10 adders
  3 shadow imps
  2 oozes
  2 adder skeletons
  A worm (D:2)
  2 dart slugs (D:2)
  6 leopard geckos
  38 orcs
  5 bats
  6 giant cockroaches
  13 goblins
  7 hobgoblins
  21 jackals
  2 quokkas
  7 frilled lizards
  2 gnoll skeletons (Ossuary)
  7 goblin skeletons
  3 hobgoblin zombies
  2 jackal zombies
  7 kobolds
  A kobold skeleton (Ossuary)
  2 kobold zombies (D:5)
  3 orc skeletons
  An orc zombie (D:5)
  A quokka skeleton (D:4)
  6 rats
  11 rat skeletons (Ossuary)
298 creatures vanquished.

Vanquished Creatures (others)
  A centaur (D:10)
1 creature vanquished.

Grand Total: 299 creatures vanquished

Notes
Turn   | Place    | Note
-------+----------+-------------------------------------------
     0 | D:1      | Draznyth the Gargoyle Fighter began the quest for the Orb.
     0 | D:1      | Reached XP level 1. HP: 14/14 MP: 1/1
   220 | D:1      | Reached skill level 2 in Axes
   227 | D:1      | Reached XP level 2. HP: 12/19 MP: 2/2
  1036 | D:1      | Reached XP level 3. HP: 20/24 MP: 3/3
  1241 | D:2      | Reached skill level 3 in Axes
  1598 | D:2      | Reached XP level 4. HP: 29/29 MP: 4/4
  1600 | D:2      | Noticed Robin
  2003 | D:1      | Killed Robin
  2502 | D:3      | Reached XP level 5. HP: 32/33 MP: 5/5
  2625 | D:3      | Reached skill level 4 in Axes
  3225 | D:4      | Noticed Ijyb
  3227 | D:4      | Noticed a phantom
  3248 | D:4      | Killed a phantom
  3248 | D:4      | Reached XP level 6. HP: 22/40 MP: 6/6
  3250 | D:4      | Killed Ijyb
  3495 | D:4      | Noticed Grinder
  3501 | D:4      | Reached skill level 5 in Fighting
  3535 | D:4      | Paralysed by Grinder for 7 turns
  3555 | D:4      | HP: 1/40 [Grinder (3)]
  3562 | D:4      | Killed Grinder
  3562 | D:4      | Reached skill level 5 in Axes
  3562 | D:4      | Reached XP level 7. HP: 13/44 MP: 7/7
  3865 | D:4      | Noticed Eustachio
  3912 | D:4      | Killed Eustachio
  3912 | D:4      | Reached skill level 6 in Axes
  4331 | D:4      | Reached XP level 8. HP: 30/52 MP: 8/8
  4478 | D:4      | Found a staircase to the Ecumenical Temple.
  4484 | Temple   | Entered the Ecumenical Temple
  4606 | D:5      | Entered Level 5 of the Dungeon
  4635 | D:5      | Found a glowing golden altar of the Shining One.
  4877 | D:5      | Reached skill level 7 in Axes
  5549 | D:5      | Noticed Edmund
  5573 | D:5      | Killed Edmund
  6034 | D:6      | Reached skill level 8 in Axes
  6478 | D:6      | Found the ring of Shadows {Umbra +Inv Stlth+}
  6531 | D:6      | Reached XP level 9. HP: 21/58 MP: 9/9
  6928 | D:6      | Found a sparkling altar of Nemelex Xobeh.
  6931 | D:6      | Found a bloodstained altar of Trog.
  7480 | D:7      | Reached skill level 9 in Axes
  7790 | D:7      | Found a shimmering altar of Xom.
  7791 | D:7      | Found a hazy altar of Hepliaklqana.
  7792 | D:7      | Noticed a spectral ugly thing
  9131 | D:8      | Found a shadowy altar of Dithmenos.
  9158 | D:8      | Found a basalt altar of Yredelemnul.
  9363 | D:8      | Found a sand-covered staircase.
  9370 | Ossuary  | Entered an ossuary
  9497 | Ossuary  | Reached skill level 10 in Axes
  9920 | D:8      | Got a brightly glowing hand axe {vamp}
  9923 | D:8      | Identified the +6 hand axe "Lifebane" {vamp, +Inv MR+ Int-3} (You took it off a human on level 8 of the Dungeon)
 10003 | D:8      | Found an iron altar of Okawaru.
 10011 | D:8      | Became a worshipper of Warmaster Okawaru
 10029 | D:8      | Found an ornate altar of the Wu Jian Council.
 10355 | D:8      | Found Soq Zus's Magic Scroll Shop.
 10374 | D:8      | Reached XP level 10. HP: 66/66 MP: 10/10
 10711 | D:9      | Found a shattered altar of Ashenzari.
 10859 | D:9      | Found a blossoming altar of Fedhas.
 10874 | D:9      | Noticed a gargoyle
 10925 | D:9      | Killed a gargoyle
 10925 | D:9      | Reached * piety under Okawaru
 10947 | D:9      | Reached skill level 11 in Axes
 11419 | D:9      | Found Luill's Magic Scroll Shoppe.
 11440 | D:9      | Noticed richr's ghost (novice TrHu)
 11469 | D:9      | Killed richr's ghost
 11469 | D:9      | Reached skill level 10 in Fighting
 11568 | D:9      | Noticed a two-headed ogre
 11588 | D:9      | Killed a two-headed ogre
 11588 | D:9      | Reached ** piety under Okawaru
 12230 | D:9      | Found a sparkling altar of Nemelex Xobeh.
 12353 | D:9      | Found Luill's Magic Scroll Shoppe.
 12500 | D:9      | Found a shattered altar of Ashenzari.
 12581 | D:9      | Found a blossoming altar of Fedhas.
 12600 | D:9      | Found a sparkling altar of Nemelex Xobeh.
 13005 | D:10     | Entered Level 10 of the Dungeon
 13197 | D:10     | Found a staircase to the Lair.
 13205 | Lair:1   | Entered Level 1 of the Lair of Beasts
 13269 | D:10     | Reached skill level 12 in Axes
 13275 | D:10     | Reached XP level 11. HP: 73/73 MP: 11/11
 13276 | D:10     | Found Zaotuirph's Weapon Boutique.
 13558 | D:9      | Bought a scroll of identify for 24 gold pieces
 13558 | D:9      | Bought a scroll of identify for 24 gold pieces
 13558 | D:9      | Bought a scroll of identify for 24 gold pieces
 13725 | D:10     | Found Ucsauzyn's Antique Weapon Boutique.
 13747 | D:10     | Found Zomeept's General Store.
 13785 | D:10     | Found Vyesh's Magic Scroll Shop.
 13968 | D:10     | Reached *** piety under Okawaru
 13999 | D:10     | Found Poidyzyd's General Store.
 14048 | D:10     | Found a shimmering altar of Xom.
 14048 | D:10     | Found a shimmering altar of Xom.
 14208 | D:11     | Noticed a purple ugly thing
 14237 | D:11     | Killed a green ugly thing
 14490 | D:11     | Noticed a green ugly thing
 14509 | D:11     | Killed a green ugly thing
 14626 | D:11     | Found a staircase to the Orcish Mines.
 15041 | D:12     | Noticed a two-headed ogre
 15062 | D:12     | Killed a two-headed ogre
 15102 | D:12     | Noticed a cyclops
 15106 | D:12     | You fall through a shaft for 3 floors!
 15106 | D:15     | Entered Level 15 of the Dungeon
 15412 | D:15     | Killed an unseen horror
 15412 | D:15     | Reached **** piety under Okawaru
 15412 | D:15     | Reached skill level 13 in Axes
 15529 | D:15     | Received a gift from Okawaru
 15574 | D:15     | Found a glowing golden altar of the Shining One.
 15576 | D:15     | Noticed a two-headed ogre
 15577 | D:14     | Noticed a centaur warrior
 15583 | D:15     | Noticed a four-headed hydra
 15583 | D:15     | Noticed a centaur warrior
 15585 | D:15     | Noticed a manticore
 15586 | D:15     | Noticed a seven-headed hydra
 15586 | D:14     | Noticed a tengu warrior
 15590 | D:14     | Slain by a tengu warrior

Skill      XL: |  1  2  3  4  5  6  7  8  9 10 11 |
---------------+----------------------------------+-----
Axes           | 2 3 4 5 6 8 10 12 13 | 13.3
Fighting       | 4 5 6 7 9 10 11 | 11.7
Armour         | |  3.2
Shields        | |  3.2

Action                   |  1- 3 |  4- 6 |  7- 9 | 10-12 || total
-------------------------+-------+-------+-------+-------++-------
Melee: War axe           |   122 |   186 |   624 |       ||   932
       Hand axe          |       |       |     9 |   471 ||   480
  Use: Potion            |       |     6 |     3 |     1 ||    10
       Scroll            |       |       |       |    16 ||    16
  Eat: Chunk             |     2 |     7 |    13 |    15 ||    37
       Ration            |       |       |     4 |     1 ||     5
Armor: Scale mail        |    76 |   120 |   148 |       ||   344
       Skin              |       |       |    38 |     8 ||    46
       Chain mail        |       |       |   189 |   216 ||   405
Dodge: Dodged            |    55 |    71 |   177 |    72 ||   375
Block: Shield            |    75 |   100 |   315 |   223 ||   713
       Reflection        |       |       |       |     9 ||     9
